General information
- name: BNet
- type: Ladder team game (AT/RT)
- host: Battle.net
- saver: Teelo
map: TwilightRuins
- players: 8
- length: 04:18
- speed: Fast
- version: 1.26 W3XP
- replay type: Public
» download(16 KB)
Players
team 1 (loser)
72963134265 (
purple | 22 APM | 66 actions | 02:57)
» actions
| Basic commands | 4 | |
| Build / train | 3 | |
| Enter build submenu | 1 | |
| Right click | 14 | |
| Select / deselect | 38 | |
| Use ability | 6 | |
66 total
» units
team 2 (winner)

»
Teelo (
blue | 41 APM | 175 actions | 04:18)
1 Dreadlord
1 Sleep
» actions
| Assign group hotkey | 14 | |
| Basic commands | 10 | |
| Build / train | 15 | |
| Enter build submenu | 7 | |
| Enter hero's abilities submenu | 1 | |
| Right click | 28 | |
| Select / deselect | 45 | |
| Select group hotkey | 45 | |
| Use ability | 10 | |
175 total
» units
» buildings
| Ziggurat | 3 | |
| Altar of Darkness | 1 | |
| Crypt | 2 | |
| Tomb of Relics | 1 | |
| Nerubian Tower | 1 | |
8 total
» build order
00:06 Ziggurat
00:09 Altar of Darkness
00:32 Crypt
00:54 Tomb of Relics
00:59 Nerubian Tower
01:45 Ziggurat
02:23 Crypt
03:42 Ziggurat
» items
| Rod of Necromancy | 1 | |
| Dust of Appearance | 1 | |
2 total
BLUPOS (
orange | 36 APM | 154 actions | 04:16)
1 Dreadlord
1 Sleep
» actions
| Assign group hotkey | 16 | |
| Basic commands | 4 | |
| Build / train | 14 | |
| Enter build submenu | 7 | |
| Enter hero's abilities submenu | 1 | |
| Right click | 53 | |
| Select / deselect | 37 | |
| Select group hotkey | 12 | |
| Use ability | 10 | |
154 total
» units
» buildings
| Ziggurat | 2 | |
| Altar of Darkness | 1 | |
| Crypt | 2 | |
| Tomb of Relics | 1 | |
6 total
» build order
00:09 Ziggurat
00:13 Altar of Darkness
01:01 Crypt
01:05 Crypt
01:34 Ziggurat
02:04 Tomb of Relics
gametavern.net (
yellow | 16 APM | 68 actions | 04:16)
1 Demon Hunter
1 Evasion
» actions
| Build / train | 13 | |
| Enter build submenu | 9 | |
| Enter hero's abilities submenu | 1 | |
| Right click | 9 | |
| Select / deselect | 27 | |
| Use ability | 9 | |
68 total
» units
» buildings
| Moon Well | 7 | |
| Altar of Elders | 1 | |
| Tree of Ages | 1 | |
| Hunter's Hall | 1 | |
10 total
» build order
00:31 Moon Well
00:49 Altar of Elders
01:11 Moon Well
02:27 Tree of Ages
03:24 Moon Well
03:26 Moon Well
03:28 Moon Well
03:36 Moon Well
03:38 Moon Well
03:45 Hunter's Hall

»
mcclane (
teal | 51 APM | 218 actions | 04:16)
1 Demon Hunter
1 Immolation
» actions
| Assign group hotkey | 9 | |
| Basic commands | 5 | |
| Build / train | 22 | |
| Enter build submenu | 7 | |
| Enter hero's abilities submenu | 1 | |
| Right click | 78 | |
| Select / deselect | 69 | |
| Select group hotkey | 17 | |
| Use ability | 10 | |
218 total
» units
» upgrades
» buildings
| Moon Well | 3 | |
| Altar of Elders | 1 | |
| Ancient of War | 1 | |
| Hunter's Hall | 1 | |
6 total
» build order
00:05 Moon Well
00:08 Altar of Elders
00:10 Ancient of War
01:44 Moon Well
02:37 Hunter's Hall
03:24 Moon Well
Chat log
(00:10 / All) BLUPOS: gg
(00:12 / All) Teelo: typical lordaeron
(00:19 / All) BLUPOS: plz leave
(00:33 / All) BLUPOS: plz leave
(00:39 / Allies) Teelo: probably afk
(00:44 / All) BLUPOS: hey purple/red
(00:47 / All) BLUPOS: GET OUT
(01:13 / All) BLUPOS: now
(01:32 / Allies) BLUPOS: well c if they are afk sec
(01:38 / Allies) mcclane: who knows
(01:39 / Allies) mcclane: lets win
(01:40 / Allies) BLUPOS: yep they must be lol
(01:52 / Allies) BLUPOS: rush 2 v 2 hard
(01:57 / Allies) Teelo: continue telling them to get out, it might make them leave faster
(02:05 / Allies) BLUPOS: k
(02:09 / All) BLUPOS: GET THE FUCK OUT
(02:29 / All) BLUPOS: get out now u stupid niggers
(02:42 / Allies) mcclane: this is such a charming community
(02:47 / Allies) Teelo: inorite
(02:53 / Allies) BLUPOS: huh? lol
(03:01 / Allies) BLUPOS: LOL
(03:01 / Allies) Teelo: you're so kind, orange
(03:02 / Allies) BLUPOS: it worked blue
(03:06 / Allies) BLUPOS: IT WORKEED
(03:14 / Allies) BLUPOS: i kept saying and they finally left
(03:41 / Allies) BLUPOS: good call my friend :)
(03:47 / All) BungledBooty: u guys still want me to play?
(03:50 / Allies) Teelo: yeah afk
(03:51 / All) BLUPOS: NO
(03:54 / All) BungledBooty: i just got back
(04:00 / Allies) mcclane: why did u leave
(04:01 / All) BungledBooty: wuz afk hehe
(04:08 / Allies) mcclane: why did u queue
(04:12 / Allies) mcclane: ugh